 Dungeon Crawl Stone Soup version 0.31-a0-971-g75a2e9a4b4 (webtiles) character file.

Game seed: 12784905588170625269

752 Arzdou the Chopper (level 7, -1/60 HPs)
             Began as a Gnoll Cinder Acolyte on Oct 28, 2023.
             Was a High Priest of Ignis.
             Slain by a quasit (2 damage)
             ... summoned by Eustachio
             ... on level 5 of the Dungeon.
             The game lasted 00:11:41 (5647 turns).

Arzdou the Chopper (Gnoll Cinder Acolyte)           Turns: 5647, Time: 00:11:42

Health: -1/60      AC:  6    Str: 13      XL:     7   Next: 78%
Magic:  8/13       EV: 11    Int: 15      God:    Ignis [*****.]
Gold:   103        SH:  0    Dex:  6 (8)  Spells: 12/14 levels left

rFire   + . .        A - +3 battleaxe
rCold   . . .        (shield currently unavailable)
rNeg    + . .        h - +0 leather armour
rPois   .            r - +0 helmet of Exclusion {rN+ Stlth+}
rElec   .            i - +0 cloak {Will+}
rCorr   .            (no gloves)
SInv    .            g - +0 pair of boots
Will    ++...        (no amulet)
Stlth   ++           p - ring of willpower
HPRegen 0.30/turn    (no ring)
MPRegen 0.13/turn

%: no passive effects
@: no status effects
A: fangs 1, strong nose, distributed training
a: Renounce Religion, Fiery Armour, Foxfire Swarm, Rising Flame


You were on level 5 of the Dungeon.
You worshipped Ignis.
Ignis was extremely pleased with you.
You visited 2 branches of the dungeon, and saw 9 of its levels.

You collected 229 gold pieces.
You spent 126 gold pieces at shops.

Inventory:

Hand Weapons
 a - a -1 hand axe of flaming
 A - a +3 battleaxe (weapon)
Missiles
 x - 12 poisoned darts
Armour
 b - a +0 robe
 g - a +0 pair of boots (worn)
 h - a +0 leather armour (worn)
 i - a +0 cloak of willpower (worn)
 r - the +0 helmet of Exclusion (worn) {rN+ Stlth+}
   (You found it on level 3 of the Dungeon)

   rN+:       It protects you from negative energy.
   Stlth+:    It makes you more stealthy.
Jewellery
 p - a ring of willpower (left hand)
 w - an amulet of guardian spirit
Talismans
 v - a serpent talisman
Wands
 s - a wand of paralysis (4)
 u - a wand of quicksilver (10)
Scrolls
 d - 2 scrolls of immolation
 f - a scroll of amnesia
 j - 2 scrolls of vulnerability
 l - a scroll of blinking {unknown}
 m - 2 scrolls of teleportation
 o - 2 scrolls of fog
 q - a scroll of acquirement {unknown}
 t - a scroll of fear
 B - a scroll of enchant armour {unknown}
 C - a scroll of noise {unknown}
Potions
 c - 2 potions of attraction {unknown}
 e - a potion of mutation {unknown}
 k - a potion of degeneration {unknown}
 n - 3 potions of lignification {unknown}
 z - a potion of cancellation {unknown}
Miscellaneous
 y - a sack of spiders


   Skills:
 + Level 7.1 Fighting
 + Level 2.7 Short Blades
 + Level 2.7 Long Blades
 + Level 7.1 Axes
 + Level 2.7 Maces & Flails
 + Level 2.7 Polearms
 + Level 2.7 Staves
 + Level 2.7 Ranged Weapons
 + Level 2.7 Throwing
 + Level 2.7 Armour
 + Level 2.7 Dodging
 + Level 2.7 Stealth
 + Level 2.7 Shields
 + Level 2.7 Unarmed Combat
 + Level 4.0 Spellcasting
 + Level 2.2 Conjurations
 + Level 2.2 Hexes
 + Level 2.2 Summonings
 + Level 2.2 Necromancy
 + Level 2.2 Translocations
 + Level 2.2 Transmutations
 + Level 5.9 Fire Magic
 + Level 2.2 Ice Magic
 + Level 2.2 Air Magic
 + Level 2.2 Earth Magic
 + Level 2.2 Poison Magic
 + Level 3.0 Invocations
 + Level 2.7 Evocations
 + Level 2.5 Shapeshifting


You had 12 spell levels left.
You knew the following spells:

 Your Spells              Type           Power      Damage    Failure   Level
a - Scorch                Fire           40%        2d6       3%          2

Your spell library contained the following spells:

 Spells                   Type           Power      Damage    Failure   Level
 Foxfire                  Conj/Fire      60%        2x1d7     4%          1
 Animate Dead             Necr           9%         N/A       65%         4
 Plasma Beam              Fire/Air       7%         2x1d18    100%        6
 Starburst                Conj/Fire      7%         6d4       100%        6
 Haunt                    Necr/Summ      4%         N/A       100%        7
 Infestation              Necr           4%         N/A       100%        8


Dungeon Overview and Level Annotations

Branches:
Dungeon (8/15)             Temple (1/1) D:4
   Lair: D:8-11

Altars:
Ashenzari
Cheibriados
Dithmenos
Fedhas
Gozag
Hepliaklqana
Kikubaaqudgha
Makhleb
Okawaru
Qazlal
Trog
Uskayaw
Vehumet
Wu Jian
Xom
Yredelemnul
Zin
The Shining One

Shops:
D:1 :   D:2 [

Annotations:
D:5 4 runed translucent doors, Eustachio


Innate Abilities, Weirdness & Mutations

You have very sharp teeth.
Your uncanny sense of smell can sniff out nearby items.
Your experience applies equally to all skills.


Message History

The foxfire hits Eustachio.
Eustachio is severely wounded.
The foxfire hits the quasit but does no damage.
The quasit is almost dead.
The foxfire hits the quasit.
The quasit resists.
The quasit is moderately wounded.
The foxfire hits the quasit.
The quasit resists.
You kill the quasit!
The quasit disappears in a puff of smoke!
The foxfire hits the quasit.
The quasit completely resists.
The quasit is moderately wounded.
Eustachio calls on the powers of shadow!
Eustachio gestures wildly while chanting.
Eustachio blinks!
Unknown command.
Unknown command.
Okay, then.
Aiming: Quicksilver Bolt
Press: ? - help, Shift-Dir - straight line, f - Eustachio
Aim: Eustachio, wielding a +0 falchion and wearing a +0 leather armour (severely wounded, ally target, 60% to hit)
The bolt of dispelling energy misses Eustachio.
The foxfire hits the quasit.
The quasit completely resists.
The quasit is moderately wounded.
The foxfire hits Eustachio.
Eustachio is almost dead.
The foxfire hits Eustachio.
Eustachio is almost dead.
The foxfire hits Eustachio.
Eustachio is almost dead.
Aiming: Quicksilver Bolt
Press: ? - help, Shift-Dir - straight line, f/p - Eustachio
Aim: Eustachio, wielding a +0 falchion and wearing a +0 leather armour (almost dead, 60% to hit)
The bolt of dispelling energy misses Eustachio.
Eustachio hits you with a +0 falchion.
* * * LOW HITPOINT WARNING * * *
The quasit bites you.
* * * LOW HITPOINT WARNING * * *
The quasit claws you but does no damage.
The quasit claws you.
You die...

......# #.≈.#.....≈.......##
......###.≈.#._.#.≈........##
........#.≈.....#.≈.........#
......#...≈.#####.≈......##÷###
......##..≈.......≈..#######.)##
......##..≈≈≈≈.≈≈≈≈.## #...#
#.#.####.........§..# ###.#.##
#.#....#........5.§.# #...#..#
#.####..##......@.§.# #.####..
##.##......@...# #.# ###
#.##..........# #.#
......######### ##.# ...##..#
#######..## ###.##.##
#.........# #.....
#.........##### #..
#.........#.... #..
#...........###


You could see Eustachio and a quasit (summoned).

Vanquished Creatures
  An ice beast (D:5)
  An ogre (D:4)
  A killer bee (D:5)
  A wight (D:5)
  A howler monkey (D:5)
  An orc priest (D:2)
  A jelly (D:5)
  2 sleepcaps (D:5)
  4 iguanas
  2 orc wizards
  A gnoll (D:5)
  9 adders
  An ufetubus (D:5)
  A worm (D:2)
  4 dart slugs
  9 orcs
  3 endoplasms
  2 giant cockroaches
  6 goblins
  5 hobgoblins
  4 kobolds
  4 quokkas
  10 ball pythons
  6 bats
  5 frilled lizards
  A rat (D:1)
86 creatures vanquished.

Vanquished Creatures (others)
  A hobgoblin (D:3)
  21 foxfires (D:5)
22 creatures vanquished.

Grand Total: 108 creatures vanquished

Notes
Turn   | Place    | Note
-------+----------+-------------------------------------------
     0 | D:1      | Arzdou the Gnoll Cinder Acolyte began the quest for the
                  | Orb.
     0 | D:1      | Reached XP level 1. HP: 23/23 MP: 4/4
   118 | D:1      | Found a faded altar of an unknown god.
   124 | D:1      | Reached XP level 2. HP: 29/29 MP: 5/5
   132 | D:1      | Learned a level 2 spell: Scorch
   691 | D:1      | Found Heegg's Vocational Training.
  1088 | D:2      | Reached XP level 3. HP: 35/35 MP: 1/7
  1193 | D:2      | Reached skill level 1 in Invocations
  1424 | D:2      | Reached skill level 1 in Short Blades
  1424 | D:2      | Reached skill level 1 in Long Blades
  1424 | D:2      | Reached skill level 1 in Maces & Flails
  1424 | D:2      | Reached skill level 1 in Polearms
  1424 | D:2      | Reached skill level 1 in Staves
  1424 | D:2      | Reached skill level 1 in Ranged Weapons
  1424 | D:2      | Reached skill level 1 in Throwing
  1424 | D:2      | Reached skill level 1 in Armour
  1424 | D:2      | Reached skill level 1 in Dodging
  1424 | D:2      | Reached skill level 1 in Stealth
  1424 | D:2      | Reached skill level 1 in Shields
  1424 | D:2      | Reached skill level 1 in Unarmed Combat
  1424 | D:2      | Reached skill level 1 in Evocations
  1560 | D:2      | Found Vadejocs's Armour Boutique.
  1972 | D:3      | Reached skill level 1 in Shapeshifting
  1972 | D:3      | Reached XP level 4. HP: 20/41 MP: 5/8
  1980 | D:2      | Reached skill level 1 in Conjurations
  1980 | D:2      | Reached skill level 1 in Hexes
  1980 | D:2      | Reached skill level 1 in Summonings
  1980 | D:2      | Reached skill level 1 in Necromancy
  1980 | D:2      | Reached skill level 1 in Translocations
  1980 | D:2      | Reached skill level 1 in Transmutations
  1980 | D:2      | Reached skill level 1 in Ice Magic
  1980 | D:2      | Reached skill level 1 in Air Magic
  1980 | D:2      | Reached skill level 1 in Earth Magic
  1980 | D:2      | Reached skill level 1 in Poison Magic
  2080 | D:2      | Bought a +0 cloak of willpower for 126 gold pieces
  2148 | D:3      | Reached XP level 5. HP: 45/47 MP: 2/9
  2398 | D:3      | Identified the +0 helmet of Exclusion {rN+ Stlth+}
  3771 | D:4      | Found a staircase to the Ecumenical Temple.
  3790 | Temple   | Entered the Ecumenical Temple
  3901 | D:4      | Noticed an ogre
  3912 | D:4      | Killed an ogre
  3913 | D:4      | Reached XP level 6. HP: 53/53 MP: 5/11
  4178 | D:5      | Entered Level 5 of the Dungeon
  4193 | D:5      | You fall into a shaft and drop 3 floors!
  4413 | D:5      | Found a large runed translucent door.
  4413 | D:5      | Noticed a troll
  4415 | D:5      | Found a large runed translucent door.
  4417 | D:5      | Found a large runed translucent door.
  4417 | D:5      | Found a large runed translucent door.
  4553 | D:5      | Reached XP level 7. HP: 54/59 MP: 3/12
  5217 | D:5      | Noticed Eustachio
  5484 | D:5      | Found a hazy altar of Hepliaklqana.
  5647 | D:5      | HP: 2/60 [Eustachio/+0 falchion (3)]
  5647 | D:5      | Slain by a quasit

Illustrated notes

Levels and vault maps discovered:
D:1:      heliophobic_arrival_glass_houses, layout_basic,
          hellmonk_ecumenical_altar_blasted, chequers_serial_rivers_marsh,
          minmay_misc_feat_nine_boxes, nicolae_shop_vocational
D:2:      layout_rooms, serial_shops, shop, nicolae_eternal_life
D:3:      layout_basic, nrook_campfire, minmay_shallow_snake_nest
D:4:      layout_loops_ring, temple_fountains
D:5:      layout_rooms, chequers_temple_overflow_minitemple,
          mainiacjoe_overflow_brackets, minmay_hollow_rounded_squares,
          uniq_eustachio
D:6:      layout_loops_ring
D:7:      layout_loops_ring
D:8:      layout_basic
Temple:   bh_familiar_temple

Skill      XL: |  1  2  3  4  5  6  7 |
---------------+----------------------+-----
Invocations    | 1 2 3 |  3.0
Short Blades   | 1 2 |  2.7
Long Blades    | 1 2 |  2.7
Maces & Flails | 1 2 |  2.7
Polearms       | 1 2 |  2.7
Staves         | 1 2 |  2.7
Ranged Weapons | 1 2 |  2.7
Throwing       | 1 2 |  2.7
Armour         | 1 2 |  2.7
Dodging        | 1 2 |  2.7
Stealth        | 1 2 |  2.7
Shields        | 1 2 |  2.7
Unarmed Combat | 1 2 |  2.7
Evocations     | 1 2 |  2.7
Spellcasting   | 3 4 |  4.0
Shapeshifting  | 1 2 |  2.5
Conjurations   | 1 2 |  2.2
Hexes          | 1 2 |  2.2
Summonings     | 1 2 |  2.2
Necromancy     | 1 2 |  2.2
Translocations | 1 2 |  2.2
Transmutations | 1 2 |  2.2
Ice Magic      | 1 2 |  2.2
Air Magic      | 1 2 |  2.2
Earth Magic    | 1 2 |  2.2
Poison Magic   | 1 2 |  2.2
Fighting       | 7 |  7.1
Axes           | 7 |  7.1
Fire Magic     | |  5.9

Action                     |  1- 3 |  4- 6 |  7- 9 || total
---------------------------+-------+-------+-------++-------
  Melee: Hand axe          |    52 |    85 |    21 ||   158
         Bite              |     6 |    11 |     2 ||    19
         Punch             |     1 |     2 |       ||     3
         Battleaxe         |       |       |    27 ||    27
  Throw: Dart              |       |       |     1 ||     1
   Cast: Scorch            |    26 |    56 |    30 ||   112
 Invoke: Foxfire Swarm     |       |       |     1 ||     1
  Evoke: Wand              |       |     1 |     4 ||     5
    Use: Scroll            |     4 |     1 |       ||     5
   Stab: Paralysed         |       |     2 |     4 ||     6
         Sleeping          |       |     1 |       ||     1
 Armour: Robe              |    15 |       |       ||    15
         Leather armour    |    16 |    56 |    85 ||   157
  Dodge: Dodged            |    31 |    67 |    53 ||   151

Table legend: (Time is in decaauts)
 A = Elapsed time spent in this place.
 B = Non-inter-level travel time spent in this place.
 C = Inter-level travel time spent in this place.
 D = Time resting spent in this place.
 E = Time spent auto-exploring this place.
 F = Levels seen in this place.
 G = Mean time per level.
                   A        B        C        D        E       F      G
               +--------+--------+--------+--------+--------+-----+--------+
         Total |   5653 |   5228 |    425 |    243 |   4212 |   9 |  628.1 |
       Dungeon |   5651 |   5226 |    425 |    243 |   4212 |   8 |  706.4 |
        Temple |      1 |      1 |      0 |      0 |      0 |   1 |    1.0 |
               +--------+--------+--------+--------+--------+-----+--------+

Top non-repeatable levels by time:
     D:5: 1395 daAuts
     D:3: 1273 daAuts
     D:1: 1083 daAuts
     D:4: 935 daAuts
     D:2: 883 daAuts
     D:7: 30 daAuts
     D:6: 28 daAuts
     D:8: 21 daAuts
  Temple: 1 daAuts
